 Dungeon Crawl Stone Soup version 0.27-a0-1513-g2aaa0cc67b (webtiles) character file.

Game seed: 12389003182042055088

288 porpoise the Sneak (level 6, -1/51 HPs)
             Began as a Formicid Delver on July 10, 2021.
             Slain by Pikel (5 damage)
             ... on level 4 of the Dungeon.
             The game lasted 00:16:30 (4972 turns).

porpoise the Sneak (Formicid Delver)                Turns: 4972, Time: 00:16:31

Health: -1/51      AC:  7    Str: 24    XL:     6   Next: 57%
Magic:  6/6        EV: 10    Int: 10    God:
Gold:   222        SH:  0    Dex: 12    Spells: 5/5 levels left

rFire    . . .     SeeInvis +   a - +3 hand axe
rCold    . . .     Faith    .   (no shield)
rNeg     . . .     Spirit   .   x - +0 scale mail
rPois    .         Reflect  .   (helmet unavailable)
rElec    .         Harm     .   (no cloak)
rCorr    .         Rampage  .   k - +0 pair of gloves
Will     .....                  (no boots)
Stlth    ++........             (no amulet)
HPRegen  0.17/turn              r - +6 ring of strength
MPRegen  0.10/turn              (no ring)

@: no status effects
A: permanent stasis, dig shafts and tunnels, antennae 3, four strong arms
a: Dig, Shaft Self


You were on level 4 of the Dungeon.
You visited 1 branch of the dungeon, and saw 5 of its levels.

You collected 222 gold pieces.

Inventory:

Hand Weapons
 a - a +3 hand axe (weapon)
 b - a +2 hunting sling of flaming
 v - a +0 trident
Missiles
 h - 81 stones
 i - 28 sling bullets
 u - 5 boomerangs
Armour
 j - a +0 kite shield
 k - a +0 pair of gloves (worn)
 x - a +0 scale mail (worn)
Jewellery
 r - a +6 ring of strength (left hand)
Wands
 f - a wand of digging (3)
 q - a wand of iceblast (8)
Scrolls
 c - 2 scrolls of fog
 d - a scroll of magic mapping
 e - a scroll of fear
 g - a scroll of silence {unknown}
 m - a scroll of amnesia {unknown}
 o - a scroll of brand weapon {unknown}
 s - a scroll of identify
 t - 2 scrolls of enchant armour {unknown}
 w - a scroll of vulnerability {unknown}
Potions
 l - a potion of curing
 n - a potion of lignification


   Skills:
 - Level 5.0 Fighting
 + Level 4.7 Axes
 + Level 2.6 Armour
 - Level 1.7 Dodging
 - Level 6.0 Stealth


You had 5 spell levels left.
You didn't know any spells.
Your spell library was empty.

Dungeon Overview and Level Annotations

Branches:
Dungeon (5/15)
 Temple: D:4-7

Altars:

Shops:
D:1 =

Annotations:
D:4 Pikel


Innate Abilities, Weirdness & Mutations

You cannot be hasted, slowed, berserked, paralysed or teleported.
You can dig through walls and to a lower floor.
You have a pair of large antennae on your head. (SInv)
Your four strong arms can wield two-handed weapons with a shield.


Message History

Pikel is lightly wounded.
Pikel hits you with a +1 whip of flaming.
Pikel burns you.
You slash Pikel!
Pikel is moderately wounded.
Pikel completely misses you.
You slash Pikel!
Pikel is severely wounded.
Pikel hits you with a +1 whip of flaming!
* * * LOW HITPOINT WARNING * * *
Pikel burns you.
* * * LOW HITPOINT WARNING * * *
You barely miss Pikel.
Pikel is severely wounded.
Pikel hits you with a +1 whip of flaming.
* * * LOW HITPOINT WARNING * * *
Pikel burns you.
* * * LOW HITPOINT WARNING * * *
You hit Pikel but do no damage.
Pikel is severely wounded.
Pikel barely misses you.
You feel better.
Pikel says, "It's all about the gold, really."
Pikel hits you with a +1 whip of flaming.
* * * LOW HITPOINT WARNING * * *
Pikel burns you.
* * * LOW HITPOINT WARNING * * *
You feel better.
Pikel hits you with a +1 whip of flaming!
* * * LOW HITPOINT WARNING * * *
Pikel burns you.
* * * LOW HITPOINT WARNING * * *
You hit Pikel.
Pikel is almost dead.
Pikel hits you but does no damage.
You closely miss Pikel.
Pikel is almost dead.
Pikel cracks his whip.
Pikel hits you with a +1 whip of flaming.
You die...

.........#
#.####†...######
.#.####### #. #..........
.#.# #. #.....##.. .#.#
#. #.....# .#.# #.
#.....# .#.# #.####.....#
...# #..........# #..#
##########..>.### ..>#
##.(...55K@........
######......55#########..
.........(.... .
..............
.............5
.........5..5.
..............
..............
.............


You could see Pikel and 4 lemures.

Vanquished Creatures
  A centaur skeleton (D:4)
  An orc wizard (D:3)
  A hound skeleton (D:4)
  4 gnolls
  10 adders
  8 dart slugs
  7 orcs
  10 ball pythons
  11 bats
  3 endoplasms
  3 giant cockroaches (D:1)
  5 goblins
  3 hobgoblins (D:1)
  4 kobolds
  3 quokkas
  4 frilled lizards
  6 rats
84 creatures vanquished.

Notes
Turn   | Place    | Note
-------+----------+-------------------------------------------
     0 | D:5      | porpoise the Formicid Delver began the quest for the Orb.
     0 | D:5      | Reached XP level 1. HP: 18/18 MP: 1/1
    89 | D:4      | Reached XP level 2. HP: 24/25 MP: 2/2
   257 | D:2      | Reached XP level 3. HP: 28/30 MP: 3/3
   334 | D:2      | HP: 1/30 [poisoned by an adder]
  1022 | D:1      | Reached XP level 4. HP: 37/37 MP: 4/4
  1302 | D:1      | Found a faded altar of an unknown god.
  1548 | D:1      | Found Cuef's Jewellery Shoppe.
  1975 | D:2      | Reached XP level 5. HP: 21/43 MP: 5/5
  2498 | D:2      | Reached skill level 5 in Fighting
  2907 | D:1      | Reached skill level 1 in Armour
  3640 | D:3      | Reached XP level 6. HP: 40/51 MP: 6/6
  4956 | D:4      | Noticed Pikel
  4972 | D:4      | Slain by Pikel

Illustrated notes

Levels and vault maps discovered:
D:1:      minmay_arrival_jagged, layout_basic,
          ebering_ecumenical_altar_abandoned, serial_shops, shop_coins
D:2:      kennysheep_big_flooded_room, layout_rooms, serial_rivers,
          chequers_serial_rivers_room_a, chequers_serial_rivers_small_3,
          chequers_serial_rivers_micro_c, chequers_serial_rivers_micro_b,
          chequers_serial_rivers_room_a
D:3:      layout_loops_corners
D:4:      layout_basic, lemuel_tele_altar, patterned_corridor, uniq_pikel
D:5:      cheibrodos_helix_gallery, layout_loops_ring

Skill      XL: |  1  2  3  4  5  6 |
---------------+-------------------+-----
Fighting       | 4 5 |  5.0
Axes           | 3 4 |  4.7
Armour         | 1 2 |  2.6
Dodging        | |  1.7
Stealth        | |  6.0

Action                   |  1- 3 |  4- 6 || total
-------------------------+-------+-------++-------
Melee: Hand axe          |    68 |   151 ||   219
 Fire: Hunting sling     |     3 |    78 ||    81
  Use: Scroll            |       |     2 ||     2
       Potion            |       |     2 ||     2
 Stab: Sleeping          |     3 |     4 ||     7
Armor: Leather armour    |    20 |    13 ||    33
       Ring mail         |       |    18 ||    18
       Scale mail        |       |    21 ||    21
Dodge: Dodged            |    36 |    83 ||   119

Table legend: (Time is in decaauts)
 A = Elapsed time spent in this place.
 B = Non-inter-level travel time spent in this place.
 C = Inter-level travel time spent in this place.
 D = Time resting spent in this place.
 E = Time spent auto-exploring this place.
 F = Levels seen in this place.
 G = Mean time per level.
                   A        B        C        D        E       F      G
               +--------+--------+--------+--------+--------+-----+--------+
         Total |   5002 |   4899 |    103 |   2251 |   1502 |   5 | 1000.4 |
       Dungeon |   5002 |   4899 |    103 |   2251 |   1502 |   5 | 1000.4 |
               +--------+--------+--------+--------+--------+-----+--------+

Top non-repeatable levels by time:
     D:1: 1696 daAuts
     D:2: 1649 daAuts
     D:3: 1285 daAuts
     D:4: 366 daAuts
     D:5: 4 daAuts
